 Dungeon Crawl Stone Soup version 0.14-a0-1330-g3eed206 (webtiles) character file.

64 4tharraofdagon the Poker (level 3, -5/30 HPs)
             Began as a Centaur Gladiator on Dec 6, 2013.
             Killed by divine providence
             ... invoked by an orc priest
              (12 damage)
             ... on Level 3 of the Dungeon.
             The game lasted 00:01:47 (407 turns).

4tharraofdagon the Poker (Centaur Gladiator)         Turns: 407, Time: 00:01:47

HP  -5/30        AC  5     Str 23      XL: 3   Next: 35%
MP   3/3         EV  9     Int  7      God:
Gold 22          SH  0     Dex  9      Spells:  0 memorised,  2 levels left

rFire  . . .     SeeInvis .     a - +0 trident
rCold  . . .     Clarity  .     b - +0 leather armour
rNeg   . . .     Conserve .     (no shield)
rPois  .         rCorr    .     c - +0 helmet
rElec  .         rRot     .     (no cloak)
SustAb . .       Spirit   .     (no gloves)
rMut   .         Warding  .     (no barding)
Saprov . . .     Stasis   .     (no amulet)
                                (no ring)
                                j - +5 ring of strength

@: very quick, not resistant to hostile enchantments, extremely unstealthy
A: hooves 3, deformed body, herbivore 1, speed 2, fast metabolism 1, tough skin
3
a: no special abilities


You were on level 3 of the Dungeon.
You were not hungry.

You visited 1 branch of the dungeon, and saw 3 of its levels.

You collected 22 gold pieces.

Inventory:

Hand weapons
 a - a +0,+0 trident (weapon)
 l - a cursed -2,-2 whip
Missiles
 d - 2 throwing nets (quivered)
 i - a throwing net [frayed]
Armour
 b - a +0 leather armour (worn)
 c - a +0 helmet (worn)
Comestibles
 f - 4 bread rations
Scrolls
 e - a scroll of fog {unknown}
 g - 2 scrolls of remove curse {unknown}
 h - a scroll of blinking {unknown}
 m - a scroll of random uselessness {unknown}
 n - a scroll of enchant armour {unknown}
 o - a scroll of teleportation {unknown}
Jewellery
 j - a +5 ring of strength (left hand)
Books
 k - a book of Battle

   Spells                             Type                      Level
   Infusion                           Charms                       1
   Shroud of Golubria                 Charms/Translocation         2
   Song of Slaying                    Charms                       2
   Spectral Weapon                    Hexes/Charms                 3
   Regeneration                       Charms/Necromancy            3


   Skills:
 + Level 2.6 Fighting
 * Level 3.2 Polearms
 - Level 2.6 Throwing
 + Level 1.2 Armour
 - Level 2.1 Dodging
 + Level 0.0 Spellcasting


You had 2 spell levels left.
You didn't know any spells.

Dungeon Overview and Level Annotations

Branches:
Dungeon (3/16)

Altars:


Innate Abilities, Weirdness & Mutations

You have hooves in place of feet.
Armour fits poorly on your strangely shaped body.
You digest meat inefficiently.
You cover ground very quickly.
You have a fast metabolism.
You have extremely tough skin (AC +3).


Message History

Attack whom?
Press: ? - help, Dir - move target cursor, f/p - orc
Aim: an orc, wielding a glowing orcish mace (severely wounded)
You closely miss the orc.
The orc is severely wounded.
The orc hits you with a glowing orcish mace.
You hit the orc.
You kill the orc!
An orc priest comes into view.
You puncture the orc!
You kill the orc!
The orc priest calls down the wrath of Beogh upon you.
Something smites you!
* * * LOW HITPOINT WARNING * * *
You miss the goblin. You kick the goblin.
The goblin is severely wounded.
The goblin hits you but does no damage.
The orc priest calls down the wrath of Beogh upon you.
Something smites you!
You die...

#.......#.......#
#.......#......# .
#.......#......##..o..
#(...............o....
##(#########o#######..
#%%.........###
#....##.......#
#######.#..##..####.....
######.......#..@go.>........
.......####..#.###.....#..###
.......####..#.. ..........
..........#...............#
..<....##.#.######.###.#..
.......##.#.# #.. ...
............# ### |#
......###.### ##............


You could see an orc priest, an orc and a goblin.

Vanquished Creatures
  An adder (D:2)
  An ooze (D:2)
  2 orcs (D:3)
  A giant cockroach (D:1)
  4 hobgoblins
  2 jackals (D:1)
  3 kobolds
  2 quokkas
  3 bats
  4 goblins
  5 rats
28 creatures vanquished.

Notes
Turn   | Place    | Note
--------------------------------------------------------------
     0 | D:1      | 4tharraofdagon, the Centaur Gladiator, began the quest for the Orb.
     0 | D:1      | Reached XP level 1. HP: 17/17 MP: 1/1
    72 | D:1      | Reached XP level 2. HP: 21/24 MP: 2/2
   130 | D:2      | Reached skill level 1 in Armour
   174 | D:2      | Reached skill level 3 in Polearms
   236 | D:2      | Reached XP level 3. HP: 18/29 MP: 3/3
   407 | D:3      | Killed from afar by an orc priest

Action                   || total
-------------------------++-------
Melee: Trident           ||    65
Throw: Throwing net      ||     1
